 Dungeon Crawl Stone Soup version 0.27-a0-1119-gbf574a6a6b (webtiles) character file.

Game seed: 4339440103048415670

7282 Zeld the Blocker (level 10, -5/96 HPs)
             Began as a Minotaur Fighter on May 3, 2021.
             Was a Follower of Trog.
             Slain by a spatial maelstrom (11 damage)
             ... on level 2 of the Abyss.
             The game lasted 00:13:13 (12171 turns).

Zeld the Blocker (Minotaur Fighter)                Turns: 12171, Time: 00:13:14

Health: -5/96      AC: 12    Str: 25    XL:     10   Next: 89%
Magic:  9/9        EV: 19    Int:  5    God:    Trog [*.....]
Gold:   92         SH: 20    Dex:  9    Spells: 9/9 levels left

rFire    . . .     SeeInvis .   a - +0 war axe
rCold    . . .     Faith    .   l - +2 tower shield
rNeg     . . .     Spirit   .   C - +0 plate armour
rPois    .         Reflect  .   (helmet restricted)
rElec    .         Harm     .   s - +0 cloak
rCorr    .         Rampage  .   (no gloves)
Will     .....                  (no boots)
Stlth    ..........             t - amulet of the acrobat
HPRegen  0.00/turn              (no ring)
MPRegen  0.11/turn              (no ring)

@: on berserk cooldown, acrobatic, badly diseased, slowed, very slow
A: horns 2, retaliatory headbutt
a: Renounce Religion, Berserk


You were on level 2 of the Abyss.
You worshipped Trog.
Trog was aware of your devotion.
You visited 2 branches of the dungeon, and saw 10 of its levels.
You visited the Abyss 1 time.

You collected 534 gold pieces.
You spent 442 gold pieces at shops.

Inventory:

Hand Weapons
 a - a +0 war axe (weapon)
Missiles
 j - 21 poisoned darts (quivered)
Armour
 l - a +2 tower shield (worn)
 s - a +0 cloak (worn)
 C - a +0 plate armour (worn)
Jewellery
 t - an amulet of the acrobat (around neck)
 J - a ring of protection from cold
Wands
 b - a wand of iceblast (3)
 p - a wand of flame (66)
 x - a wand of paralysis (3)
 A - a wand of digging (6)
 H - a wand of charming (9)
 I - a wand of polymorph (8)
Scrolls
 f - 3 scrolls of amnesia
 g - 2 scrolls of identify
 r - 3 scrolls of noise {unknown}
 u - a scroll of enchant weapon {unknown}
 w - 2 scrolls of fear {unknown}
 y - a scroll of blinking {unknown}
 D - 2 scrolls of magic mapping {unknown}
 F - a scroll of holy word {unknown}
Potions
 c - a potion of lignification {unknown}
 d - a potion of degeneration {unknown}
 e - a potion of magic {unknown}
 h - a potion of heal wounds
 k - 9 potions of curing
 m - a potion of invisibility {unknown}
 o - a potion of resistance {unknown}
 q - 4 potions of flight {unknown}
 v - a potion of haste {unknown}
 z - 3 potions of brilliance {unknown}
 B - a potion of attraction {unknown}
 E - 2 potions of might
 G - a potion of ambrosia {unknown}


   Skills:
 * Level 11.2 Fighting
 * Level 10.9 Axes
 - Level 6.0 Throwing
 - Level 3.6 Armour
 * Level 11.3 Shields


You had 9 spell levels left.
You didn't know any spells.
Your spell library contained the following spells:

 Spells                   Type           Power      Damage    Failure   Level
 Animate Skeleton         Necr           0%         N/A       100%        1
 Apportation              Tloc           0%         N/A       100%        1
 Corona                   Hex            0%         N/A       100%        1
 Summon Small Mammal      Summ           0%         N/A       100%        1


Dungeon Overview and Level Annotations

Branches:
Dungeon (9/15)             Temple (1/1) D:7            Lair (0/6) D:9
    Orc: D:9-12

Altars:
Ashenzari
Cheibriados
Dithmenos
Elyvilon
Fedhas
Gozag
Hepliaklqana
Kikubaaqudgha
Makhleb
Nemelex Xobeh
Okawaru
Qazlal
Ru
Sif Muna
Trog
Uskayaw
Vehumet
Wu Jian
Xom
Yredelemnul
Zin
The Shining One

Shops:
D:2 (   D:3 :   D:6 !

Annotations:
D:9 Erolcha


Innate Abilities, Weirdness & Mutations

You have a pair of horns on your head.
You reflexively headbutt those who attack you in melee.


Message History

As you read the scroll of teleportation, it crumbles to dust.
You feel strangely stable.
A spatial vortex comes into view.
The spatial vortex moves out of view.
You feel much better.
You feel ill.
You feel ill.
The ancient zyme hits you but does no damage.
You block the ancient zyme's attack. You block the spatial vortex's attack.
The spatial maelstrom hits you but does no damage.
The spatial maelstrom closely misses you.
You block the ancient zyme's attack. x2
Your shield prevents you from hitting the spatial maelstrom.
The spatial maelstrom is lightly damaged.
You barely miss the ancient zyme. You slash the spatial vortex!
You slash the hell hog!
Flame seeps out of the hell hog.
The spatial maelstrom hits you!
* * * LOW HITPOINT WARNING * * *
The spatial maelstrom hits you!
* * * LOW HITPOINT WARNING * * *
You blink.
A spatial vortex comes into view. x2
The hell hog breathes fire at you.
The fireball explodes!
The fireball engulfs you!
* * * LOW HITPOINT WARNING * * *
The fireball engulfs the hell hog.
The hell hog resists.
Flame seeps out of the hell hog.
A demonic crawler comes into view.
The demonic crawler gives a hideous shriek!
You hear a roar!
You hear a trumpeting!
Okay, then.
You block the hell hog's attack. 2 spatial vortices come into view.
You block the hell hog's attack.
A spatial vortex comes into view.
The spatial maelstrom hits you.
* * * LOW HITPOINT WARNING * * *
Space warps horribly around you!
You die...

#. .#..#.#.v.v.# ..#
... #.v......W.# .#.
#.#.###..#. .#.....##
#..#..#s..##v#..#.#..#
....#v#..#.Z.#.#####.
#...W##..##.# #.
###..#.W.vv.## ##
#vvh#.#..x.## #.
#@###.##§## # ###
#...#.###.#### #..###
.§...## #.. ##.
.##.###. #..# .## ...
. .# ## . ## # #.#.##
.§ #. .#. .# . .. #
#.# # . ### ## .# # #


You could see a spatial maelstrom, a hell hog (inner flame), a demonic crawler,
3 spatial vortices and a freezing wraith.

Vanquished Creatures
  A two-headed ogre (D:9)
  Maggie (D:6)
  A troll (D:9)
  3 starcursed masses (Abyss:1)
  Eustachio (D:6)
  6 humans (D:7)
  2 yaks
  A steam dragon (D:7)
  A large abomination (Abyss:2)
  3 water moccasins
  An acid dragon (D:9)
  2 hornet zombies
  An orc warrior (D:6)
  A sky beast (D:6)
  2 black bears
  3 necrophages
  2 ogres
  6 centaurs (D:9)
  2 kobold brigands (D:6)
  6 bullfrogs
  4 scorpions
  A wyvern zombie (D:5)
  A water moccasin skeleton (D:5)
  3 wights (D:7)
  A centaur zombie (D:3)
  4 hounds
  A jelly (D:5)
  Crazy Yiuf (D:6)
  6 orc priests
  A bullfrog skeleton (D:6)
  3 iguanas (D:5)
  7 orc wizards
  A killer bee zombie (D:6)
  A hound zombie (D:5)
  A howler monkey zombie (D:9)
  9 adders
  2 shadow imps (D:6)
  2 white imps
  4 ufetubi
  3 worms
  A dart slug (D:3)
  41 orcs
  8 ball pythons
  7 bats
  7 endoplasms
  A giant cockroach (D:4)
  8 goblins
  6 hobgoblins
  11 jackals
  3 quokkas
  3 frilled lizards
  16 kobolds
  9 rats
223 creatures vanquished.

Vanquished Creatures (others)
  A scorpion (D:6)
  An orc (D:8)
  24 fungi
  17 plants (D:9)
43 creatures vanquished.

Grand Total: 266 creatures vanquished

Notes
Turn   | Place    | Note
-------+----------+-------------------------------------------
     0 | D:1      | Zeld the Minotaur Fighter began the quest for the Orb.
     0 | D:1      | Reached XP level 1. HP: 19/19 MP: 0/0
   205 | D:1      | Reached XP level 2. HP: 26/27 MP: 1/1
   419 | D:1      | Found a faded altar of an unknown god.
   542 | D:1      | Reached XP level 3. HP: 31/33 MP: 2/2
  1056 | D:2      | Found Naela's Antique Weapon Shoppe.
  1984 | D:2      | Reached skill level 1 in Throwing
  1984 | D:2      | Reached XP level 4. HP: 30/40 MP: 3/3
  2377 | D:3      | Reached XP level 5. HP: 37/46 MP: 4/4
  3190 | D:3      | Found Iby Gayppalo's Book Shoppe.
  3217 | D:3      | Found a sacrificial altar of Ru.
  3562 | D:4      | Reached XP level 6. HP: 49/52 MP: 5/5
  4030 | D:4      | Reached skill level 5 in Throwing
  4035 | D:5      | Entered Level 5 of the Dungeon
  4060 | D:5      | Paralysed by an orc for 5 turns
  4486 | D:5      | Reached XP level 7. HP: 52/60 MP: 6/6
  4495 | D:5      | Reached skill level 5 in Fighting
  4495 | D:5      | Reached skill level 5 in Shields
  4986 | D:5      | Reached skill level 5 in Axes
  5176 | D:5      | Reached XP level 8. HP: 70/70 MP: 7/7
  5275 | D:6      | Noticed Maggie
  5289 | D:6      | Killed Maggie
  5811 | D:6      | Found Foplaor's Distillery.
  6015 | D:6      | Reached XP level 9. HP: 63/81 MP: 8/8
  6230 | D:6      | Noticed Eustachio
  6242 | D:6      | Killed Eustachio
  6465 | D:6      | Bought a potion of curing for 39 gold pieces
  6465 | D:6      | Bought a potion of curing for 39 gold pieces
  6465 | D:6      | Bought a potion of heal wounds for 65 gold pieces
  6465 | D:6      | Bought a potion of curing for 39 gold pieces
  6465 | D:6      | Bought a potion of curing for 39 gold pieces
  6465 | D:6      | Bought a potion of curing for 39 gold pieces
  6521 | D:6      | Found a runed translucent door.
  6522 | D:6      | Noticed Crazy Yiuf
  6717 | D:6      | Killed Crazy Yiuf
  6821 | D:7      | Identified the +1 robe "Duoxop" {rElec Str+4}
  7675 | D:7      | Found a staircase to the Ecumenical Temple.
  7695 | Temple   | Entered the Ecumenical Temple
  7711 | Temple   | Became a worshipper of Trog the Wrathful
  7882 | D:6      | Bought a potion of heal wounds for 65 gold pieces
  7882 | D:6      | Bought a potion of might for 52 gold pieces
  9735 | D:8      | Reached XP level 10. HP: 92/92 MP: 9/9
 10219 | D:6      | Bought a potion of heal wounds for 65 gold pieces
 10425 | D:9      | Reached skill level 10 in Shields
 10439 | D:9      | Found a staircase to the Lair.
 10450 | D:9      | Reached skill level 10 in Fighting
 11423 | D:9      | Reached skill level 10 in Axes
 11952 | D:9      | Noticed a two-headed ogre
 11962 | D:9      | Killed a two-headed ogre
 11967 | D:9      | Noticed Erolcha
 11972 | D:9      | Cast into level 1 of the Abyss (Erolcha)
 11983 | Abyss:1  | Noticed a starcursed mass
 11999 | Abyss:1  | Killed a starcursed mass
 12003 | Abyss:1  | Killed a starcursed mass
 12003 | Abyss:1  | Reached * piety under Trog
 12003 | Abyss:1  | Killed a starcursed mass
 12146 | Abyss:2  | Noticed a hell hog
 12149 | Abyss:2  | Noticed a spatial maelstrom
 12171 | Abyss:2  | Slain by a spatial maelstrom

Illustrated notes

Levels and vault maps discovered:
D:1:      mushboom_english_gardens, layout_basic,
          chequers_ecumenical_altar_island
D:2:      layout_basic, serial_shops, shop_statue
D:3:      layout_loops_corners, lemuel_doored_altar, serial_shops, shop_statue
D:4:      layout_loops_cross, kennysheep_generic_room_13
D:5:      layout_cave_pools
D:6:      layout_loops_cross, serial_shops, nicolae_shop_window_shopping,
          lemuel_old_faithful, uniq_maggie, uniq_eustachio,
          uniq_crazy_yiuf_cottage
D:7:      layout_loops_ring, minmay_temple_entry_glassed_door, minmay_ruffians
D:8:      layout_loops_ring, nicolae_underground_beach
D:9:      layout_layer_cave, due_lair_maze_entry_diamond, centaur_isle,
          uniq_erolcha, uniq_erica, uniq_maurice
Temple:   dpeg_three_leaves_temple
Abyss:2:  base: Temple, small_statue_intersection

Skill      XL: |  1  2  3  4  5  6  7  8  9 10 |
---------------+-------------------------------+-----
Shields        | 4 6 8 9 11 | 11.3
Fighting       | 4 6 7 9 11 | 11.2
Axes           | 3 5 7 9 10 | 10.9
Throwing       | 1 3 4 6 |  6.0
Armour         | |  3.6

Action                   |  1- 3 |  4- 6 |  7- 9 | 10-12 || total
-------------------------+-------+-------+-------+-------++-------
Melee: War axe           |    88 |   190 |   309 |   125 ||   712
       Headbutt          |     7 |    34 |    62 |    35 ||   138
Throw: Dart              |       |       |       |     9 ||     9
Invok: Berserk           |       |       |       |     1 ||     1
Evoke: Wand              |       |       |       |     6 ||     6
  Use: Potion            |       |     2 |     3 |     3 ||     8
       Scroll            |       |       |       |     4 ||     4
Armor: Scale mail        |    29 |    85 |    44 |       ||   158
       Plate armour      |       |       |    85 |    70 ||   155
Dodge: Dodged            |    22 |    52 |    59 |    35 ||   168
Block: Kite shield       |    69 |       |       |       ||    69
       Tower shield      |     5 |   222 |   330 |   202 ||   759

Table legend: (Time is in decaauts)
 A = Elapsed time spent in this place.
 B = Non-inter-level travel time spent in this place.
 C = Inter-level travel time spent in this place.
 D = Time resting spent in this place.
 E = Time spent auto-exploring this place.
 F = Levels seen in this place.
 G = Mean time per level.
                   A        B        C        D        E       F      G
               +--------+--------+--------+--------+--------+-----+--------+
         Total |  12574 |  12105 |    469 |   3045 |   7007 |  12 | 1047.8 |
       Dungeon |  12278 |  11823 |    455 |   3035 |   6956 |   9 | 1364.2 |
        Temple |     85 |     71 |     14 |      0 |     51 |   1 |   85.0 |
         Abyss |    210 |    210 |      0 |     10 |      0 |   2 |  105.0 |
               +--------+--------+--------+--------+--------+-----+--------+

Top non-repeatable levels by time:
     D:7: 3056 daAuts
     D:6: 1706 daAuts
     D:3: 1438 daAuts
     D:5: 1306 daAuts
     D:8: 1169 daAuts
     D:1: 1074 daAuts
     D:2: 965 daAuts
     D:9: 840 daAuts
     D:4: 721 daAuts
 Abyss:2: 143 daAuts
  Temple: 85 daAuts
 Abyss:1: 67 daAuts
